 Dungeon Crawl Stone Soup version 0.15.2 (webtiles) character file.

112255 bullock the Destroyer (level 16, -9/99 HPs)
             Began as a Gargoyle Wizard on Nov 29, 2014.
             Was the Champion of Vehumet.
             Killed from afar by a hobgoblin (13 damage)
             ... with an exploding inner flame
             ... hexed by the player character
             ... while paralysed by an orc sorcerer
             ... on Level 4 of the Orcish Mines.
             The game lasted 03:40:03 (44753 turns).

bullock the Destroyer (Gargoyle Wizard)            Turns: 44753, Time: 03:40:04

HP  -9/99        AC 24     Str 12      XL: 16   Next: 60%
MP  14/31        EV  2     Int 25      God: Vehumet [******]
Gold 2435        SH  0     Dex  8      Spells: 10 memorised,  2 levels left

rFire  + + .     SeeInvis .     w - +3 spear (freeze)
rCold  . . .     Clarity  .     l - +2 leather armour {rF+}
rNeg   + + .     rCorr    .     X - +2 buckler {reflect}
rPois  +         rRot     +     b - +0 hat
rElec  +         Spirit   .     c - +2 cloak
SustAb .         Warding  .     Z - +2 pair of gloves
rMut   .         Stasis   .     U - +1 pair of boots {Fly}
Gourm  .                        (no amulet)
MR     +....                    F - ring of protection from fire
                                K - ring of positive energy

@: paralysed, flying, repel missiles, somewhat resistant to hostile
enchantments, unstealthy
A: able to fly continuously, big wings, low mp 1, negative energy resistance 1,
electricity resistance, unbreathing, petrification resistance, rot immunity, AC
+11
a: Stop Flying, Renounce Religion


You were on level 4 of the Orcish Mines.
You worshipped Vehumet.
Vehumet was exalted by your worship.
You were not hungry.

You visited 4 branches of the dungeon, and saw 28 of its levels.
You also visited: Ossuary.

You collected 2435 gold pieces.

Inventory:

Hand weapons
 w - a +3 spear of freezing (weapon)
Armour
 b - a +0 hat (worn)
 c - a +2 cloak (worn)
 l - a +2 leather armour of fire resistance (worn)
 U - a +1 pair of boots of flying (worn)
 X - a +2 buckler of reflection (worn)
 Z - a +2 pair of gloves (worn)
Magical devices
 u - a wand of fireball (0)
 x - a wand of draining (0)
 G - a wand of teleportation (3)
 H - a wand of disintegration (1)
 S - a wand of fire (6)
Comestibles
 d - 11 meat rations
 j - a chunk of orc flesh
 r - 17 fruits
Scrolls
 f - 7 scrolls of remove curse
 i - 9 scrolls of teleportation
 k - 2 scrolls of enchant weapon {unknown}
 n - 5 scrolls of immolation
 p - a scroll of vulnerability {unknown}
 D - 3 scrolls of recharging {unknown}
 E - a scroll of magic mapping {unknown}
 L - 2 scrolls of blinking {unknown}
 R - 2 scrolls of brand weapon {unknown}
 V - a scroll of torment {unknown}
Jewellery
 e - an uncursed ring of ice
 h - an uncursed ring of sustain abilities
 t - an uncursed ring of protection from magic
 F - a ring of protection from fire (right hand)
 K - a ring of positive energy (left hand)
Potions
 a - 2 potions of berserk rage
 m - a potion of haste
 q - 11 potions of curing
 B - 8 potions of restore abilities
 C - 3 potions of magic
 I - 2 potions of resistance
 P - a potion of cancellation
 T - a potion of invisibility


   Skills:
 + Level 10.7 Fighting
 - Level 1.5 Dodging
 - Level 2.1 Stealth
 - Level 7.0 Shields
 + Level 12.6 Spellcasting
 + Level 15.5 Conjurations
 + Level 9.9 Charms
   Level 0.8 Summonings
 - Level 9.0 Translocations
 + Level 11.4 Fire Magic
 - Level 2.5 Evocations


You had 2 spell levels left.
You knew the following spells:

 Your Spells              Type           Power        Failure   Level  Hunger
a - Magic Dart            Conj           ####         0%          1    None
d - Haste                 Chrm           ######..     12%         6    #####..
e - Fireball              Conj/Fire      ######....   1%          5    ##.....
g - Delayed Fireball      Conj/Fire      N/A          4%          7    ######.
q - Blink                 Tloc           N/A          1%          2    None
r - Iron Shot             Conj/Erth      ######....   8%          6    #####..
t - Mephitic Cloud        Conj/Pois/Air  #####...     1%          3    None
v - Repel Missiles        Chrm/Air       #####.       1%          2    None
w - Orb of Destruction    Conj           #######...   2%          7    ######.
z - Sticky Flame          Conj/Fire      ######..     1%          4    None


Dungeon Overview and Level Annotations

Branches:
Dungeon (15/15)            Temple (1/1) D:5             Orc (4/4) D:12
    Elf (0/3) Orc:3          Lair (8/8) D:9          Shoals (0/5) Lair:4
 Spider (0/5) Lair:5        Slime (0/6) Lair:8       Vaults (0/5) D:13
 Depths (0/5) D:15

Altars:
Ashenzari
Cheibriados
Dithmenos
Elyvilon
Fedhas
Kikubaaqudgha
Makhleb
Nemelex Xobeh
Okawaru
Qazlal
Sif Muna
Trog
Vehumet
Xom
Yredelemnul
Zin
The Shining One

Shops:
D:5 %   Orc:1 [


Innate Abilities, Weirdness & Mutations

You are resistant to torment.
You are immune to poison.
You can fly continuously.
Your stone body is very resilient (AC +11).
Your wings are large and strong.
You resist negative energy.
You are resistant to electric shocks.
You can survive without breathing.
You are immune to petrification.
You are immune to rotting.
Your magical capacity is low (-10% MP).


Message History

Reactivating autopickup.
You feel a bit more experienced. Vehumet accepts your kill.
You feel your power returning. Vehumet accepts your kill.
You feel your power returning. Vehumet accepts your kill.
You feel your power returning. Vehumet accepts your kill.
You feel your power returning. The fiery explosion engulfs you! You resist.
* * * LOW HITPOINT WARNING * * *
Vehumet accepts your kill.
You feel your power returning. Vehumet accepts your kill. x2
You feel your power returning. Vehumet accepts your kill.
You feel your power returning. Vehumet accepts your kill.
The fiery explosion engulfs you! You resist.
You die...

... ### .... ....
###.....
.....##........
.......%§§......
.%..$.§§§§§§§...
....$§§§§§§§§.#
#.§§§§§§§§§.#
#%§§§@§§§§§##
##§§§§§§§###
####.%§§§§§..###
#.....§§§§.....#
...<........%...#
.............%.#
....%$..........
.......###.....
.....# ##..


There were no monsters in sight!

Vanquished Creatures
  Gastronok (D:8)
  The ghost of trelanon the Protected, a powerful VSGl of Makhleb (D:13)
  Snorg (Lair:4)
  An ettin (D:15)
  8 vault guards (D:13)
  Fannar (Orc:2)
  Harold (D:15)
  A rakshasa (D:13)
  6 hydras
  5 centaur warriors
  Erica (D:10)
  A deep troll shaman (Lair:8)
  An ogre mage (D:15)
  21 death yaks
  A catoblepas (Lair:8)
  A deep elf knight (D:15)
  A hell knight (D:15)
  2 unseen horrors
  An ice statue (Lair:3)
  17 hill giants
  A deep elf conjurer (D:14)
  2 orc knights
  A griffon (Lair:7)
  10 ugly things
  7 cyclopes
  2 manticores
  Joseph (D:8)
  18 elephants
  3 black mambas
  A queen ant (Lair:1)
  A gargoyle (D:11)
  2 yaktaurs (D:15)
  10 spiny frogs
  A centaur skeleton (D:15)
  Psyche (D:10)
  5 komodo dragons
  A kobold demonologist (D:14)
  12 blink frogs
  A queen bee (D:9)
  4 fire drakes
  7 trolls
  12 slime creatures
  A hydra skeleton (D:15)
  4 shadows
  5 deep elf magi
  3 basilisks
  2 vampires
  2 trapdoor spiders
  48 yaks
  A hill giant zombie (D:13)
  3 wyverns
  A wraith (D:11)
  Eustachio (D:10)
  An elf zombie (D:14)
  3 hungry ghosts
  Grum (D:13)
  2 deep elf fighters (D:14)
  A hill giant skeleton (D:14)
  11 hippogriffs
  11 vampire mosquitoes
  17 wolves
  8 soldier ants (Lair:1)
  12 water moccasins
  A hydra simulacrum (D:15)
  2 ogre skeletons (D:13)
  4 yellow wasps
  15 orc warriors
  13 porcupines
  A sky beast (D:5)
  4 mottled dragons
  17 ogres
  A manticore zombie (D:13)
  3 ice beasts
  5 black bears
  8 spiders (Lair:5)
  2 phantoms
  A necrophage (D:11)
  8 boggarts
  29 centaurs
  18 crocodiles
  3 boring beetles
  A brain worm (D:12)
  The ghost of bullock the Sneak, an average OpWz (D:3)
  34 giant frogs
  3 big kobolds
  A gnoll sergeant (Orc:4)
  A wyvern zombie (D:6)
  6 jellies
  19 killer bees
  3 scorpions
  2 eyes of draining
  A hippogriff skeleton (D:7)
  An electric eel (Lair:4)
  14 wights
  5 crimson imps
  18 orc priests
  2 centaur zombies
  4 goliath beetles
  14 hounds
  A giant frog zombie (D:8)
  A kobold skeleton (D:13)
  27 orc wizards
  2 quasits
  12 iguanas
  35 worker ants
  A killer bee zombie (D:9)
  6 big kobold zombies (Ossuary)
  A mottled dragon skeleton (D:11)
  4 sheep (Lair:8)
  2 mummies (Ossuary)
  6 gnolls
  76 green rats
  A scorpion zombie (D:10)
  29 adders
  3 shadow imps
  4 worms (D:2)
  6 adder zombies (Ossuary)
  An adder skeleton (D:4)
  5 giant geckos
  171 orcs
  4 ball pythons
  A bat zombie (D:6)
  6 giant cockroaches
  5 gnoll zombies
  26 hobgoblins
  10 quokkas
  18 bats
  2 giant newts (D:2)
  2 giant spores
  10 goblins
  2 goblin skeletons
  A hobgoblin skeleton (D:4)
  2 hobgoblin zombies (Ossuary)
  15 jackals
  A jackal skeleton (D:4)
  44 kobolds
  A kobold zombie (Ossuary)
  3 orc skeletons
  8 orc zombies
  19 rats
  6 ballistomycetes
  A bush (Lair:8)
  A fungus (Lair:7)
  2 plants
1163 creatures vanquished.

Vanquished Creatures (collateral kills)
  A killer bee (D:9)
  An orc wizard (D:8)
2 creatures vanquished.

Vanquished Creatures (others)
  A centaur (D:12)
  An ogre (D:12)
  A killer bee (D:9)
  A quokka (Lair:5)
  A ballistomycete (D:9)
  2 bushes (Lair:7)
  23 fungi
  10 plants
40 creatures vanquished.

Grand Total: 1205 creatures vanquished

Notes
Turn   | Place    | Note
--------------------------------------------------------------
     0 | D:1      | bullock, the Gargoyle Wizard, began the quest for the Orb.
     0 | D:1      | Reached XP level 1. HP: 10/10 MP: 4/4
   298 | D:1      | Reached XP level 2. HP: 15/15 MP: 1/6
   999 | D:2      | Found a blossoming altar of Fedhas.
  1150 | D:2      | Reached XP level 3. HP: 19/19 MP: 0/8
  1714 | D:2      | Learned a level 2 spell: Blink
  1717 | D:2      | Learned a level 2 spell: Repel Missiles
  1721 | D:2      | Learned a level 3 spell: Conjure Flame
  1813 | D:2      | Reached XP level 4. HP: 24/24 MP: 2/10
  2441 | D:3      | Found a shadowy altar of Dithmenos.
  2454 | D:3      | Found a glowing golden altar of the Shining One.
  2456 | D:3      | Found an ancient bone altar of Kikubaaqudgha.
  2689 | D:3      | Noticed bullock's ghost (average OpWz)
  2709 | D:3      | Killed bullock's ghost
  2709 | D:3      | Reached skill level 4 in Spellcasting
  2709 | D:3      | Reached XP level 5. HP: 19/28 MP: 0/13
  3264 | D:4      | Found a burning altar of Makhleb.
  3268 | D:4      | Found a radiant altar of Vehumet.
  3278 | D:4      | Became a worshipper of Vehumet
  3341 | D:4      | Noticed an ogre
  3620 | D:4      | Found a sand-covered staircase.
  3629 | Ossuary  | Entered an ossuary
  3639 | Ossuary  | Reached skill level 5 in Conjurations
  3668 | Ossuary  | Reached XP level 6. HP: 32/32 MP: 11/15
  3901 | Ossuary  | Acquired Vehumet's first power
  3901 | Ossuary  | Offered knowledge of Sandblast by Vehumet.
  4206 | D:4      | Reached skill level 6 in Conjurations
  4260 | D:4      | Noticed a phantom
  4328 | D:4      | Killed a phantom
  4328 | D:4      | Reached XP level 7. HP: 31/36 MP: 7/18
  4371 | D:4      | Killed an ogre
  4371 | D:4      | Reached skill level 5 in Spellcasting
  4623 | D:4      | Reached skill level 7 in Conjurations
  4883 | D:4      | Noticed an ogre
  4893 | D:4      | Killed an ogre
  4898 | D:4      | Learned a level 3 spell: Mephitic Cloud
  5147 | D:4      | Reached XP level 8. HP: 34/41 MP: 4/20
  5634 | D:4      | Noticed an ogre
  5646 | D:4      | Killed an ogre
  5646 | D:4      | Reached skill level 1 in Translocations
  5760 | D:5      | Entered Level 5 of the Dungeon
  5806 | D:5      | Offered knowledge of Searing Ray by Vehumet.
  5806 | D:5      | Reached skill level 8 in Conjurations
  5998 | D:5      | Found a shimmering altar of Xom.
  6197 | D:5      | Found Staejy's Food Boutique.
  6364 | D:5      | Found a staircase to the Ecumenical Temple.
  6653 | D:5      | Found a shattered altar of Ashenzari.
  6659 | D:5      | HP: 2/41 [centaur/arrow of flame (1)]
  7576 | D:6      | Reached XP level 9. HP: 26/45 MP: 14/23
  8237 | D:6      | Reached skill level 9 in Conjurations
  8354 | D:6      | Reached skill level 5 in Translocations
  9361 | D:7      | Offered knowledge of Throw Flame by Vehumet.
  9439 | D:7      | Acquired Vehumet's second power
  9798 | D:7      | Offered knowledge of Inner Flame by Vehumet.
 10090 | D:7      | Found a snail-covered altar of Cheibriados.
 11107 | Temple   | Entered the Ecumenical Temple
 11380 | D:8      | Acquired Vehumet's third power
 11750 | D:8      | Noticed Gastronok
 11771 | D:8      | Killed Gastronok
 11771 | D:8      | Reached skill level 10 in Conjurations
 11771 | D:8      | Reached XP level 10. HP: 15/50 MP: 14/25
 11779 | D:8      | Offered knowledge of Iskenderun's Battlesphere by Vehumet.
 11786 | D:8      | Learned a level 5 spell: Iskenderun's Battlesphere
 13253 | D:8      | Noticed Joseph
 13289 | D:8      | Killed Joseph
 13541 | D:9      | Found a staircase to the Lair.
 13541 | D:9      | Noticed a hill giant
 13542 | D:9      | Noticed an elephant
 13560 | D:9      | Noticed a red ugly thing
 13811 | D:9      | Killed a red ugly thing
 13826 | D:9      | Reached XP level 11. HP: 34/54 MP: 15/28
 13831 | D:9      | Reached skill level 11 in Conjurations
 14006 | D:9      | Gained mutation: Your vision is a little blurry. [mutagenic meat]
 14008 | D:9      | Gained mutation: You are frail (-10% HP). [mutagenic meat]
 14009 | D:9      | Gained mutation: You are clumsy. (Dex -2) [mutagenic meat]
 14035 | D:9      | Reached skill level 1 in Fighting
 14064 | D:9      | Killed an elephant
 14064 | D:9      | Reached skill level 1 in Evocations
 14569 | D:9      | Offered knowledge of Sticky Flame by Vehumet.
 15559 | D:9      | Learned a level 4 spell: Sticky Flame
 15608 | D:9      | Killed a hill giant
 15608 | D:9      | Reached skill level 1 in Fire Magic
 15911 | D:9      | Found a white marble altar of Elyvilon.
 16099 | D:10     | Entered Level 10 of the Dungeon
 16103 | D:10     | Noticed a hill giant
 16111 | D:10     | Killed a hill giant
 16617 | D:10     | Noticed Psyche
 16635 | D:10     | Killed Psyche
 16803 | D:10     | Noticed Eustachio
 16855 | D:10     | Killed Eustachio
 16892 | D:10     | Noticed a hill giant
 16911 | D:10     | Killed a hill giant
 16911 | D:10     | Reached skill level 1 in Charms
 17110 | D:10     | Noticed Erica
 17131 | D:10     | Killed Erica
 17132 | D:10     | Noticed a hill giant
 17146 | D:10     | Killed a hill giant
 17146 | D:10     | Reached XP level 12. HP: 13/60 MP: 5/29
 17724 | D:11     | Reached skill level 12 in Conjurations
 17907 | D:11     | Reached skill level 5 in Fire Magic
 18044 | D:11     | Noticed a centaur warrior
 18180 | D:11     | Offered knowledge of Airstrike by Vehumet.
 18393 | D:11     | Killed a centaur warrior
 19186 | D:11     | Reached skill level 1 in Shields
 19552 | D:12     | Found an iron altar of Okawaru.
 20097 | D:12     | Noticed a centaur warrior
 20129 | D:12     | Killed a centaur warrior
 20259 | D:12     | Found a staircase to the Orcish Mines.
 20827 | D:13     | Noticed a centaur warrior
 20836 | D:13     | Reached skill level 5 in Shields
 20841 | D:13     | Reached XP level 13. HP: 36/63 MP: 8/31
 21276 | D:12     | Killed a centaur warrior
 21867 | Lair:1   | Entered Level 1 of the Lair of Beasts
 22539 | Lair:1   | Offered knowledge of Poison Arrow by Vehumet.
 22539 | Lair:1   | Reached skill level 10 in Spellcasting
 22539 | Lair:1   | Reached skill level 5 in Charms
 23180 | Lair:2   | Reached skill level 13 in Conjurations
 23703 | Lair:2   | Reached skill level 5 in Fighting
 23768 | Lair:2   | Found a stormy altar of Qazlal.
 23864 | Lair:2   | Offered knowledge of Lightning Bolt by Vehumet.
 23872 | Lair:2   | Learned a level 6 spell: Haste
 24350 | Lair:2   | Learned a level 5 spell: Fireball
 25106 | Lair:3   | Got a warped steel ring
 25110 | Lair:3   | Identified the ring "Tellien" {Contam Str+1 Stlth+} (You found it on level 3 of the Lair of Beasts)
 25574 | Lair:4   | Noticed Snorg
 25583 | Lair:4   | Killed Snorg
 26312 | Lair:4   | Found a staircase to the Shoals.
 26840 | Lair:5   | Gained mutation: Your wings are large and strong. [gargoyle growth]
 26840 | Lair:5   | Reached XP level 14. HP: 31/72 MP: 14/32
 27299 | Lair:5   | Found a hole to the Spider Nest.
 28976 | Lair:6   | Offered knowledge of Iron Shot by Vehumet.
 30364 | Lair:2   | Gained mutation: You are somewhat resistant to further mutation. [potion of mutation]
 30392 | Lair:2   | Learned a level 6 spell: Iron Shot
 30399 | Lair:2   | Lost mutation: Your vision is a little blurry. [potion of cure mutation]
 30399 | Lair:2   | Lost mutation: You are frail (-10% HP). [potion of cure mutation]
 30399 | Lair:2   | Lost mutation: You are somewhat resistant to further mutation. [potion of cure mutation]
 30399 | Lair:2   | Lost mutation: You are clumsy. (Dex -2) [potion of cure mutation]
 30845 | Lair:7   | Reached skill level 14 in Conjurations
 32318 | Lair:7   | Reached XP level 15. HP: 80/88 MP: 18/34
 32517 | Lair:8   | Entered Level 8 of the Lair of Beasts
 33058 | Lair:8   | Found a staircase to the Slime Pits.
 33232 | Lair:7   | Reached skill level 10 in Fire Magic
 33713 | Lair:8   | Offered knowledge of Delayed Fireball by Vehumet.
 34898 | Lair:8   | Learned a level 7 spell: Delayed Fireball
 35750 | D:13     | Noticed trelanon's ghost (powerful VSGl)
 35872 | D:13     | Killed trelanon's ghost
 36097 | D:13     | Noticed a vault guard
 36098 | D:13     | Noticed a vault guard
 36098 | D:13     | Found a gate to the Vaults.
 36098 | D:13     | Noticed a vault guard
 36098 | D:13     | Noticed a vault guard
 36099 | D:13     | Noticed a vault guard
 36101 | D:13     | Noticed a vault guard
 36103 | D:13     | Noticed a vault guard
 36346 | D:13     | Noticed Grum
 36356 | D:13     | Killed Grum
 36431 | D:13     | Killed a vault guard
 36612 | D:13     | Killed a vault guard
 36617 | D:13     | Killed a vault guard
 36805 | D:13     | Killed a vault guard
 36808 | D:13     | Killed a vault guard
 36814 | D:13     | Noticed a vault guard
 36828 | D:13     | Killed a vault guard
 37066 | D:13     | Killed a vault guard
 37085 | D:13     | Reached skill level 15 in Conjurations
 37339 | D:13     | Killed a vault guard
 38269 | D:14     | Reached XP level 16. HP: 92/97 MP: 22/35
 38555 | D:14     | Reached skill level 10 in Fighting
 38793 | D:14     | Found a glowing golden altar of the Shining One.
 39016 | D:14     | Offered knowledge of Orb of Destruction by Vehumet.
 39027 | D:14     | Learned a level 7 spell: Orb of Destruction
 39747 | D:15     | Entered Level 15 of the Dungeon
 39989 | D:15     | Noticed Harold
 39994 | D:15     | Killed Harold
 40556 | D:15     | HP: 1/98 [hell knight/bolt of fire (6)]
 41005 | D:15     | Found a staircase to the Depths.
 41941 | D:13     | Got a dazzling quarterstaff
 41962 | D:13     | Identified the cursed +5 quarterstaff of Cowardice {crush, Contam rF+ MR+} (You found it on level 13 of the Dungeon)
 42022 | D:10     | Gained mutation: Your magical capacity is low (-10% MP). [mutagenic glow]
 42504 | Orc:1    | Entered Level 1 of the Orcish Mines
 43098 | Orc:3    | Offered knowledge of Fire Storm by Vehumet.
 43098 | Orc:3    | Offered knowledge of Glaciate by Vehumet.
 43098 | Orc:3    | Offered knowledge of Chain Lightning by Vehumet.
 43390 | Orc:3    | Found a staircase to the Elven Halls.
 43520 | Orc:2    | Noticed Fannar
 43527 | Orc:2    | Killed Fannar
 44440 | Orc:1    | Found Rawounex's Armour Shop.
 44735 | Orc:4    | Entered Level 4 of the Orcish Mines
 44751 | Orc:4    | Paralysed by an orc sorcerer for 5 turns
 44753 | Orc:4    | HP: 4/99 [orc zombie/exploding inner flame[the player character] (10)]
 44753 | Orc:4    | Killed from afar by a hobgoblin

Action                   |  1- 3 |  4- 6 |  7- 9 | 10-12 | 13-15 | 16-18 || total
-------------------------+-------+-------+-------+-------+-------+-------++-------
Melee: Dagger            |    27 |   145 |   306 |     2 |       |       ||   480
       Flail             |       |       |       |   284 |       |       ||   284
       Spear             |       |       |       |    84 |   759 |   217 ||  1060
 Cast: Magic Dart        |    91 |    93 |   432 |   456 |    70 |    51 ||  1193
       Repel Missiles    |     1 |     1 |     5 |     4 |     4 |     1 ||    16
       Conjure Flame     |       |    15 |    20 |    66 |    29 |       ||   130
       Blink             |       |     2 |     8 |    30 |    62 |    15 ||   117
       Mephitic Cloud    |       |       |    29 |    77 |    25 |     3 ||   134
       Sticky Flame      |       |       |       |    84 |   361 |    60 ||   505
       Iskenderun's Batt |       |       |       |     3 |     6 |       ||     9
       Fireball          |       |       |       |       |   153 |   161 ||   314
       Iron Shot         |       |       |       |       |    22 |    10 ||    32
       Delayed Fireball  |       |       |       |       |     2 |       ||     2
       Orb of Destructio |       |       |       |       |       |     1 ||     1
 Abil: Release Delayed F |       |       |       |       |     1 |     1 ||     2
Evoke: Wand              |       |     1 |     6 |     7 |    15 |     6 ||    35
  Use: Scroll            |       |     2 |     9 |     2 |    15 |     6 ||    34
       Potion            |       |       |     2 |     3 |     3 |     2 ||    10
 Stab: Confused          |       |       |     5 |     5 |     1 |       ||    11
       Sleeping          |       |       |       |       |     3 |       ||     3
       Paralysed         |       |       |       |       |     1 |       ||     1
  Eat: Chunk             |     1 |     8 |    19 |    35 |    60 |    23 ||   146
       Meat ration       |       |     1 |       |       |       |       ||     1
       Beef jerky        |       |       |     2 |       |       |     1 ||     3
       Fruit             |       |       |       |       |     1 |       ||     1
       Pizza             |       |       |       |       |     1 |       ||     1
       Bread ration      |       |       |       |       |     3 |     1 ||     4
